 Dungeon Crawl Stone Soup version 0.28.0 (webtiles) character file.

Game seed: 11511952411278632247

189 ProzacElf the Slasher (level 5, 0/33 (39) HPs)
             Began as a Demonspawn Gladiator on Feb 14, 2022.
             Was an Initiate of Gozag.
             Slain by a wight (6 damage)
             ... on level 3 of the Dungeon on Feb 15, 2022.
             The game lasted 00:09:25 (2799 turns).

ProzacElf the Slasher (Demonspawn Gladiator)        Turns: 2799, Time: 00:09:26

HP:   0/33 (39)     AC:  7    Str: 17    XL:     5   Next: 40%
MP:   5/5           EV: 10    Int:  9    God:    Gozag
Gold: 335           SH:  0    Dex: 14    Spells: 4/4 levels left

rFire   . . .      SeeInvis .   a - +0 long sword
rCold   . . .      Faith    .   (no shield)
rNeg    . . .      Spirit   .   q - +0 scale mail
rPois   .          Reflect  .   c - +0 helmet
rElec   .          Harm     .   (no cloak)
rCorr   .          Rampage  .   (no gloves)
Will    .....                   (no boots)
Stlth   ..........              (no amulet)
HPRegen 0.11/turn               (no ring)
MPRegen 0.09/turn               (no ring)

@: heavily drained
A: claws 1, ignite blood 1
a: Renounce Religion, Potion Petition, Call Merchant, Bribe Branch


You were on level 3 of the Dungeon.
You worshipped Gozag.
Gozag was aware of your devotion.
You visited 1 branch of the dungeon, and saw 4 of its levels.

You collected 480 gold pieces.
You spent 145 gold pieces at shops.

Inventory:

Hand Weapons
 a - a +0 long sword (weapon)
 b - a +2 dagger of venom
 m - a +0 hunting sling
 p - a +0 quarterstaff
Missiles
 d - 3 throwing nets (quivered)
 e - 69 stones
 h - 4 silver boomerangs
 r - 63 sling bullets
Armour
 c - a +0 helmet (worn)
 i - a +0 leather armour
 n - a +0 ring mail
 q - a +0 scale mail (worn)
 t - a +0 tower shield
Scrolls
 g - 4 scrolls of identify
 s - 2 scrolls of amnesia
 v - a scroll of vulnerability {unknown}
 x - a scroll of enchant armour {unknown}
 y - a scroll of enchant weapon {unknown}
Potions
 f - a potion of ambrosia {unknown}
 j - a potion of curing {unknown}
 k - a potion of invisibility {unknown}
 l - 2 potions of might
 o - a potion of haste {unknown}
 u - a potion of attraction {unknown}


   Skills:
 + Level 2.6 Fighting
 - Level 5.0 Long Blades
 - Level 1.7 Throwing
 - Level 3.0 Dodging
 + Level 1.4 Stealth


You had 4 spell levels left.
You didn't know any spells.
Your spell library contained the following spells:

 Spells                   Type           Power      Damage    Failure   Level
 Foxfire                  Conj/Fire      0%         2x1d4     83%         1
 Conjure Flame            Conj/Fire      0%         6-21      99%         3
 Inner Flame              Hex/Fire       0%         N/A       99%         3
 Flame Wave               Conj/Fire      0%         2d4       100%        4


Dungeon Overview and Level Annotations

Branches:
Dungeon (4/15)
 Temple: D:4-7

Altars:
Gozag
Yredelemnul

Shops:
D:3 =*=

Annotations:
D:3 3 runed translucent doors, Owwww's ghost, amateur DsFi


Innate Abilities, Weirdness & Mutations

You have sharp fingernails.
Your demonic aura sometimes causes spilled blood to erupt in flames.


Message History

Ye be too injured ta fight recklessly!
Ye be too injured ta fight recklessly!
Ye see 'ere a +0 club.
Thar be an op'n door 'ere.
Thar be a stone staircase leadin' up 'ere.
Tha wight hits ye wit' a +4 short sword!
Ye climb upwards.
Level annotation: 3 run'd translucent doors, Owwww's ghost, amateur DsFi Thar be a stone staircase leadin' down 'ere.
Ye take 7 damage, an' haf 18/38 hp.
Ye hit tha wight but do nay damage.
Tha wight be moderately damaged.
Tha wight hits ye wit' a +4 short sword!
* * * LOW HITPOINT WARNIN'
* * * Ye feel drain'd.
* * * LOW HITPOINT WARNIN'
* * * Ye take 10 damage, an' haf 8/37 hp.
MASSIVE DAMAGE!!
Okay, than.
Tha wight hits ye but does nay damage.
Thar be a stone staircase leadin' up 'ere.
Ye see 'ere a +0 whip.
Ye feel much better.
Tha wight closely misses ye.
Ye regain'd 16 hp, an' now haf 26/37 hp.
Ye barely miss tha wight.
Tha wight be moderately damaged.
Tha wight hits ye wit' a +4 short sword!
Ye feel drain'd.
Ye take 11 damage, an' haf 15/35 hp.
MASSIVE DAMAGE!!
Ye closely miss tha wight.
Tha wight be moderately damaged.
Tha wight hits ye wit' a +4 short sword!
* * * LOW HITPOINT WARNIN'
* * * Ye feel drain'd.
* * * LOW HITPOINT WARNIN'
* * * Ye take 9 damage, an' haf 6/33 hp.
MASSIVE DAMAGE!!
Ye hit tha wight but do nay damage.
Tha wight be moderately damaged.
Tha wight hits ye wit' a +4 short sword.
Ye die...
Yer body crumbles inta a pile o' gold.

#.....#..............#
#.###.#.############.# ..#
#.#.############.#########
..###.....>..........).......#
#.......##>......###.#######.####
.........#...........# #.....
#.#.........####.###.# ######
#.###.......# #.# #.#
#.###.#####.# #@# #.## ....#.#
#.# #z# #..# ......# #.# #.# #..#
#.#.#.# #.# #.# #..#######
#.#.#.#####.# #.# #....<...#
#.#.#.......# #.# ##.##.##.#
#.#.#.####### #.###...#.##.##
#.#)#.# #.##..........#
#.#.#.##########.##....#.##..#


You could see a wight.

Vanquished Creatures
  A wight (D:4)
  2 orc wizards (D:3)
  4 worms (D:2)
  4 dart slugs
  7 orcs (D:3)
  7 bats
  7 endoplasms
  2 giant cockroaches
  13 goblins
  3 hobgoblins
  5 kobolds
  A quokka (D:1)
  8 ball pythons
  A quokka skeleton (D:4)
  4 rats
69 creatures vanquished.

Notes
Turn   | Place    | Note
-------+----------+-------------------------------------------
     0 | D:1      | ProzacElf the Demonspawn Gladiator began the quest for the
                  | Orb.
     0 | D:1      | Reached XP level 1. HP: 16/16 MP: 1/1
   219 | D:1      | Reached skill level 3 in Long Blades
   219 | D:1      | Gained mutation: Your demonic aura sometimes causes spilled
                  | blood to erupt in flames. [demonic ancestry]
   219 | D:1      | Reached XP level 2. HP: 19/22 MP: 2/2
   278 | D:1      | Found a faded altar of an unknown god.
   326 | D:1      | Prayed at the altar of an unknown god.
   326 | D:1      | Became a worshipper of Gozag Ym Sagoz the Greedy
   890 | D:1      | Reached XP level 3. HP: 27/27 MP: 3/3
  1276 | D:2      | Reached skill level 4 in Long Blades
  1554 | D:3      | Found Porghoq's Jewellery Emporium.
  1585 | D:3      | Found Weilehur's Jewellery Shop.
  1615 | D:3      | Reached XP level 4. HP: 24/33 MP: 4/4
  1896 | D:3      | Reached skill level 5 in Long Blades
  2083 | D:3      | Gained mutation: You have sharp fingernails. [demonic
                  | ancestry]
  2083 | D:3      | Reached XP level 5. HP: 38/38 MP: 5/5
  2134 | D:3      | Found a runed translucent gate.
  2137 | D:3      | Found a runed translucent gate.
  2137 | D:3      | Found a runed translucent gate.
  2137 | D:3      | Noticed Owwww's ghost (amateur DsFi)
  2139 | D:3      | Noticed an orc warrior
  2205 | D:3      | Found Baegeh's General Store.
  2228 | D:3      | Bought a potion of heal wounds for 50 gold pieces
  2228 | D:3      | Bought a scroll of identify for 20 gold pieces
  2228 | D:3      | Bought a potion of might for 40 gold pieces
  2228 | D:3      | Bought a scroll of amnesia for 35 gold pieces
  2644 | D:4      | Found a basalt altar of Yredelemnul.
  2682 | D:4      | Reached skill level 1 in Stealth
  2799 | D:3      | Slain by a wight

Illustrated notes

Levels and vault maps discovered:
D:1:      dpeg_arrival_erosion, layout_loops_cross,
          hellmonk_ecumenical_altar_arch_garden
D:2:      layout_basic
D:3:      layout_loops_ring, gammafunk_ghost_split, serial_shops,
          nicolae_shop_waterfront, shop, nicolae_shop_advertising_works
          [nicolae_subvault_shop_adworks]
D:4:      layout_basic, mainiacjoe_overflow_tiny_flanked, minmay_door_square,
          minmay_misc_feat_diagonals, uniq_robin

Skill      XL: |  1  2  3  4  5 |
---------------+----------------+-----
Long Blades    | 3 4 5 |  5.0
Dodging        | 3 |  3.0
Stealth        | 1 |  1.4
Fighting       | |  2.6
Throwing       | |  1.7

Action                   |  1- 3 |  4- 6 || total
-------------------------+-------+-------++-------
Melee: Long sword        |    31 |    11 ||    42
       Dagger            |   102 |    78 ||   180
       Punch             |     2 |     1 ||     3
  Use: Potion            |       |     1 ||     1
 Stab: Sleeping          |     1 |       ||     1
Armor: Leather armour    |    22 |       ||    22
       Scale mail        |    18 |    30 ||    48
       Ring mail         |     1 |       ||     1
Dodge: Dodged            |    68 |    38 ||   106
